 Dungeon Crawl Stone Soup version 0.31-a0-851-g7ff8af7976 (webtiles) character file.

Game seed: 7852569307691394296

159162 Bnni the Lord of Darkness (level 17, -5/135 HPs)
             Began as a Demonspawn Necromancer on Oct 5, 2023.
             Was the Champion of Kikubaaqudgha.
             Shot with an arrow by a naga sharpshooter (14 damage)
             ... on level 4 of the Snake Pit.
             The game lasted 01:36:08 (29203 turns).

Bnni the Lord of Darkness (Demonspawn Necromancer) Turns: 29203, Time: 01:36:10

Health: -5/135     AC: 14    Str: 10    XL:     17   Next: 15%
Magic:  33/33      EV: 15    Int: 34    God:    Kikubaaqudgha [******]
Gold:   1168       SH:  7    Dex: 15    Spells: 11/41 levels left

rFire   + . .        R - +9 dagger (pain)
rCold   + . .        A - +2 buckler {rN+}
rNeg    + . .        Q - +3 leather armour "Nodin" {rElec rC- Int+8}
rPois   x            (helmet unavailable)
rElec   +            T - +0 cloak {rC+}
rCorr   .            i - +0 pair of gloves of Xytauhur {rC+ SInv Stlth+}
SInv    +            o - +1 pair of boots
Will    +....        J - amulet of regeneration
Stlth   ++++++       f - ring of protection from fire
HPRegen 1.22/turn    n - +4 ring of protection
MPRegen 0.23/turn

%: no passive effects
@: lethally poisoned (-5 -> -5), poison vulnerable, slowed, very slow
A: antennae 3, powered by pain 2, augmentation 1, big brain 2, demonic magic 3
a: Renounce Religion, Unearth Wretches, Torment


You were on level 4 of the Snake Pit.
You worshipped Kikubaaqudgha.
Kikubaaqudgha was exalted by your worship.
You visited 4 branches of the dungeon, and saw 26 of its levels.
You also visited: Sewer, Bailey and Ice Cave.

You collected 2711 gold pieces.
You spent 1543 gold pieces at shops.

Inventory:

Hand Weapons
 R - a +9 dagger of pain (weapon)
Missiles
 x - 5 curare-tipped darts
 F - 6 darts of dispersal
Armour
 i - the +0 pair of gloves of Xytauhur (worn) {rC+ SInv Stlth+}
   (You bought it in a shop on level 2 of the Orcish Mines)

   rC+:       It protects you from cold.
   SInv:      It lets you see invisible.
   Stlth+:    It makes you more stealthy.
 o - a +1 pair of boots (worn)
 A - a +2 buckler of positive energy (worn)
 M - a +1 robe of resistance
 Q - the +3 leather armour "Nodin" (worn) {rElec rC- Int+8}
   (You found it on level 11 of the Dungeon)

   Int+8:     It affects your intelligence (+8).
   rC-:       It makes you vulnerable to cold.
   rElec:     It insulates you from electricity.
 T - a +0 cloak of cold resistance (worn)
Jewellery
 f - a ring of protection from fire (left hand)
 g - a ring of flight
 k - a ring of resist corrosion
 n - a +4 ring of protection (right hand)
 J - an amulet of regeneration (around neck)
 K - the ring of the Amoeba {rPois rC+ Str+3}
   (You bought it in a shop on level 2 of the Orcish Mines)

   [ring of poison resistance]

   Str+3:     It affects your strength (+3).
   rC+:       It protects you from cold.
   rPois:     It protects you from poison
 P - a ring of protection from fire
 X - a ring of protection from cold
Wands
 w - a wand of roots (19)
 z - a wand of digging (24)
 W - a wand of quicksilver (21)
Scrolls
 c - 6 scrolls of enchant armour
 l - 3 scrolls of silence
 q - 3 scrolls of vulnerability
 v - 7 scrolls of fog
 y - 3 scrolls of poison
 B - 5 scrolls of revelation
 E - a scroll of enchant weapon
 G - 13 scrolls of teleportation
 H - 3 scrolls of butterflies
 I - a scroll of brand weapon
 S - 3 scrolls of immolation
 Z - 2 scrolls of identify
Potions
 a - a potion of lignification
 b - 3 potions of magic
 d - 3 potions of might
 e - 2 potions of invisibility
 h - 4 potions of heal wounds
 j - 4 potions of attraction
 m - 4 potions of mutation
 p - a potion of enlightenment
 r - a potion of resistance
 t - 6 potions of brilliance
 u - 6 potions of haste
 D - 12 potions of curing
 N - a potion of cancellation
 V - 2 potions of ambrosia
Miscellaneous
 s - a sack of spiders
 U - a lightning rod (4/4)
 Y - a phantom mirror


   Skills:
 + Level 12.4 Fighting
 - Level 10.0 Short Blades
 + Level 9.7 Dodging
 + Level 13.8 Stealth
 - Level 5.0 Shields
 + Level 12.5 Spellcasting
 * Level 17.6 Necromancy
 - Level 3.0 Translocations
 - Level 3.0 Earth Magic


You had 11 spell levels left.
You knew the following spells:

 Your Spells              Type           Power      Damage    Failure   Level
a - Anguish               Hex/Necr       34%        N/A       1%          4
b - Blink                 Tloc           82%        N/A       1%          2
c - Vampiric Draining     Necr           96%        2d12      0%          3
d - Animate Dead          Necr           96%        N/A       1%          4
e - Death Channel         Necr           48%        N/A       1%          6
f - Dispel Undead         Necr           96%        3d30      1%          4
h - Borgnjor's Vile Clut  Necr/Erth      37%        N/A       1%          5
s - Sublimation of Blood  Necr           96%        N/A       0%          2

Your spell library contained the following spells:

 Spells                   Type           Power      Damage    Failure   Level
 Necrotise                Necr           100%       1d9       0%          1
 Cigotuvi's Dreadful Rot  Necr/Pois/Air  100%       N/A       1%          2
 Agony                    Necr           96%        N/A       1%          5
 Shock                    Conj/Air       84%        1d8       4%          1
 Slow                     Hex            84%        N/A       4%          1
 Stone Arrow              Conj/Erth      62%        3d10      6%          3
 Volatile Blastmotes      Fire/Tloc      62%        2d15      6%          3
 Confusing Touch          Hex            21%        N/A       12%         3
 Dazzling Flash           Conj/Hex       42%        N/A       12%         3
 Sigil of Binding         Hex            21%        N/A       12%         3
 Summon Guardian Golem    Hex/Summ       21%        N/A       12%         3
 Swiftness                Air            21%        N/A       12%         3
 Manifold Assault         Tloc           41%        N/A       12%         4
 Simulacrum               Ice/Necr       34%        N/A       16%         6
 Animate Armour           Summ/Erth      62%        N/A       22%         4
 Airstrike                Air            10%        2d(2-18)  36%         4
 Olgreb's Toxic Radiance  Pois           21%        N/A       36%         4
 Silence                  Hex/Air        10%        N/A       73%         5
 Starburst                Conj/Fire      10%        6d5       99%         6
 Orb of Destruction       Conj           10%        9d6       100%        7
 Spellforged Servitor     Conj/Summ      10%        N/A       100%        7
 Discord                  Hex            10%        N/A       100%        8
 Ignition                 Fire           10%        3d5       100%        8
 Lehudib's Crystal Spear  Conj/Erth      15%        10d5      100%        8
 Maxwell's Capacitive Co  Air            10%        ∞         100%        8


Dungeon Overview and Level Annotations

Branches:
Dungeon (15/15)            Temple (0/1) D:7            Lair (5/5) D:9
 Shoals (0/4) Lair:2        Snake (4/4) Lair:2        Slime (0/5) Lair:5
    Orc (2/2) D:9             Elf (0/3) Orc:2        Vaults (0/5) D:13
 Depths (0/4) D:15          Sewer (visited)          Bailey (visited)
  IceCv (visited)

Altars:
Hepliaklqana
Kikubaaqudgha
Qazlal
Sif Muna

Shops:
D:1 =   D:5 !   D:10 [*   Orc:1 ?*   Orc:2 ([((=   Snake:3 =:=


Innate Abilities, Weirdness & Mutations

You have a pair of large antennae on your head. (SInv)
You sometimes gain power by taking damage.
Your magical and physical power is slightly enhanced at high health.
You have an extremely huge brain. (Int +4)
Spells you cast and wands you use may paralyse nearby enemies.


Message History

You block the bolt.
The naga mage hits your black mamba zombie with a +0 flail!
Your black mamba zombie is destroyed!
You block the naga sharpshooter's attack.
Your shock serpent zombie bites the naga mage!
The naga mage dies!
Kikubaaqudgha accepts your kill. The naga hits you with a +0 flail!
The naga constricts you.
The naga sharpshooter unwields a +0 battleaxe.
The naga sharpshooter wields a +0 longbow.
The naga sharpshooter shoots an arrow.
The arrow hits you!
* * * LOW HITPOINT WARNING * * *
The naga sharpshooter shoots a bolt.
The bolt hits your naga mage zombie!!
Casting: Vampiric Draining (safe; 0% risk of failure)
Confirm with . or Enter, or press ? or * to list all spells.
Aiming: Vampiric Draining (safe; 0% risk of failure)
Press: ? - help, Shift-Dir - straight line, f/p - naga
Aim: a naga, wielding a +0 flail (lightly wounded, constricting you, ally target)
You draw life force from the naga!!
You feel life coursing into your body! Malevolent energies surge around you.
The naga suddenly stops moving!
The naga loses its grip on you.
You feel sick.
The naga sharpshooter shoots a bolt.
The bolt hits your naga warrior zombie!!
The naga sharpshooter shoots an arrow.
The arrow hits you!!
* * * LOW HITPOINT WARNING * * *
Unknown command.
Unknown command.
The helpless naga fails to defend itself.
You skewer the naga like a kebab!!!!
You kill the naga!
Kikubaaqudgha accepts your kill.
You feel sick.
The naga sharpshooter casts a spell.
The naga sharpshooter magically shoots a bolt.
The bolt hits you!
* * * LOW HITPOINT WARNING * * *
You focus on the pain.
You feel your power returning.
The naga sharpshooter shoots an arrow.
The arrow hits you!
You die...
Kikubaaqudgha rasps: "You have failed me!
Welcome... death!"

###.††).###.........
#...~N~...##........
#.#..~≈≈..#.#.......#
#,#..~≈~..# #.......#
#.#..~~~..#.# .... #
#...~≈~...#
###..Z..###
####Z#+####
#.)@.ZNN..#
#...N.)Z......
....#.)..).)..#.
..#....!.)...(.. #
.###.......### #
##.~~~.## { ##~≈≈##
####


You could see a nagaraja (curare), 2 naga sharpshooters, a naga (curare, ally
target), a friendly naga warrior zombie, a friendly naga mage zombie, a friendly
shock serpent zombie and a friendly naga sharpshooter zombie.

Vanquished Creatures
  Vashnia (Snake:3)
  A frost giant (D:15)
  2 nagarajas
  A very ugly thing (D:13)
  An orc warlord (Bailey)
  2 dire elephants (Lair:5)
  Josephine (D:12)
  A yaktaur captain (D:13)
  A vault guard (D:13)
  A hydra (Lair:5)
  5 ogre magi
  6 boulder beetles
  4 centaur warriors
  6 anacondas
  5 death yaks
  3 tengu warriors
  4 naga warriors
  15 two-headed ogres
  6 naga sharpshooters
  2 shock serpents (Snake:3)
  A skyshark (Lair:3)
  A spectral anaconda (Lair:5)
  A salamander mystic (Snake:2)
  A spectral death yak (Lair:5)
  A sea snake (Snake:4)
  A naga ritualist (Snake:4)
  An obsidian statue (Lair:5)
  A wizard (D:14)
  3 bog bodies
  2 deep elf pyromancers
  3 necromancers (Lair:5)
  8 ugly things
  4 mana vipers
  2 orc sorcerers
  9 salamanders
  4 cyclopes
  A manticore (D:13)
  9 elephants
  7 slime creatures
  16 black mambas
  A guardian serpent (Snake:2)
  6 naga magi
  An ice statue (IceCv)
  A water nymph (Lair:2)
  A rust devil (D:12)
  12 cane toads
  2 torpor snails
  2 orange demons (D:12)
  A gargoyle (D:13)
  4 rime drakes
  6 komodo dragons
  Maggie (D:6)
  A dire elephant skeleton (Lair:5)
  2 tengu conjurers (D:15)
  A yaktaur (D:13)
  A freezing wraith (IceCv)
  3 anaconda simulacra
  An efreet (D:15)
  An ice devil (Lair:3)
  2 trolls
  A hornet (D:9)
  4 polar bears
  11 blink frogs
  A spectral elephant (Lair:5)
  5 dream sheep (Lair:5)
  5 wyverns
  3 shadows
  8 wraiths
  45 yaks
  A vampire (D:10)
  4 dire elephant simulacra
  4 basilisks
  2 steam dragons
  A neqoxec (D:12)
  4 vampire mosquitoes (D:11)
  Edmund (D:4)
  2 death yak simulacra (Lair:5)
  26 nagas
  An acid dragon (D:9)
  A large abomination (D:12)
  14 water moccasins
  17 orc warriors
  5 ice beasts
  A black bear (D:7)
  An elephant zombie (Lair:5)
  2 sky beasts
  10 ogres
  2 centaurs (D:8)
  15 wolves
  2 elephant skeletons (Lair:5)
  8 kobold brigands
  15 bullfrogs
  A gnoll sergeant (D:9)
  5 cane toad simulacra
  3 scorpions
  3 two-headed ogre simulacra (IceCv)
  5 wights
  21 killer bees
  5 elephant simulacra
  13 howler monkeys
  4 hounds
  7 orc priests
  2 sleepcaps
  Crazy Yiuf (D:6)
  A jelly (D:6)
  An iron imp (D:12)
  Jessica (D:3)
  5 iguanas
  17 orc wizards
  3 polar bear simulacra (IceCv)
  Ijyb (D:3)
  3 troll simulacra (IceCv)
  5 spriggan simulacra (IceCv)
  A boggart simulacrum (D:13)
  Robin (D:2)
  15 gnolls
  7 adders
  8 naga simulacra (IceCv)
  A shadow imp (D:12)
  6 white imps
  8 ufetubi
  3 worms
  A dart slug (D:4)
  68 orcs
  9 bats
  6 endoplasms
  23 goblins
  5 hobgoblins
  25 kobolds
  7 quokkas
  8 ball pythons
  4 frilled lizards
  An orc zombie (D:7)
  5 rats
735 creatures vanquished.

Vanquished Creatures (collateral kills)
  A nagaraja (Snake:4)
  A dire elephant (Lair:5)
  2 vault guards (D:13)
  A hydra (Lair:2)
  3 anacondas
  A rakshasa (D:12)
  8 two-headed ogres
  2 death yaks (Lair:5)
  5 naga warriors
  4 naga sharpshooters
  A shock serpent (Snake:2)
  A sea snake (Snake:4)
  An obsidian statue (D:12)
  A wizard (D:15)
  4 naga ritualists
  A cyclops (D:15)
  A wolf spider (D:15)
  4 mana vipers
  3 salamanders
  A rust devil (D:12)
  7 black mambas
  3 guardian serpents (Snake:4)
  7 naga magi
  An ice statue (Lair:3)
  A cane toad (Lair:4)
  2 rime drakes
  5 polar bears
  A blink frog (Lair:2)
  4 dream sheep (Lair:5)
  A shadow (D:13)
  A centaur simulacrum (D:15)
  3 slime creatures
  6 yaks
  A basilisk (Lair:5)
  A steam dragon (D:8)
  19 nagas
  A water moccasin (Lair:3)
  A black bear (D:6)
  9 ogres
  5 wolves
  A wight (D:10)
  A killer bee (D:9)
  A howler monkey (D:9)
  2 crimson imps (D:12)
  A quasit (D:12)
  An orc priest (Orc:1)
  A gnoll bouda (D:9)
  An orc wizard (D:7)
  2 spriggan simulacra (Lair:3)
  A troll simulacrum (Lair:3)
  2 white imps
  An ufetubus (D:12)
  13 orcs
  A goblin (D:1)
  4 kobolds
158 creatures vanquished.

Vanquished Creatures (others)
  A vault guard (D:13)
  An ogre mage (Orc:2)
  5 two-headed ogres
  A naga warrior (Snake:4)
  A naga sharpshooter (Snake:3)
  A shock serpent (Snake:4)
  A salamander mystic (Snake:3)
  An anaconda zombie (Snake:4)
  2 naga ritualists
  A manticore (D:13)
  An elephant (Lair:5)
  A guardian serpent (Snake:4)
  A naga mage (Snake:4)
  5 black mambas
  A torpor snail (Lair:2)
  A death yak zombie (Lair:2)
  A tengu conjurer (D:13)
  A blink frog (Lair:4)
  8 black mamba zombies
  A vampire (D:13)
  A wyvern (Lair:2)
  A basilisk (Lair:5)
  2 nagas (Snake:3)
  2 two-headed ogre zombies (Orc:2)
  2 ogre zombies
  6 ogres (Orc:2)
  2 salamander zombies
  A wyvern zombie (Lair:2)
  3 yak zombies
  A polar bear zombie (Lair:2)
  A wolf zombie (Lair:3)
  A bullfrog zombie (Lair:2)
  A basilisk zombie (D:13)
  An iron imp (D:12)
  A killer bee zombie (D:9)
  11 naga zombies
  A hound zombie (D:7)
  An ufetubus (D:12)
  An orc (Orc:2)
  3 gnoll zombies (D:9)
  A hobgoblin (D:13)
  2 goblin zombies (Bailey)
  A hobgoblin zombie (D:13)
  3 kobold zombies (Bailey)
  19 orc zombies
105 creatures vanquished.

Grand Total: 998 creatures vanquished

Notes
Turn   | Place    | Note
-------+----------+-------------------------------------------
     0 | D:1      | Bnni the Demonspawn Necromancer began the quest for the
                  | Orb.
     0 | D:1      | Reached XP level 1. HP: 13/13 MP: 3/3
    95 | D:1      | Found a faded altar of an unknown god.
   148 | D:1      | Prayed at the altar of an unknown god.
   148 | D:1      | Became a worshipper of Kikubaaqudgha
   148 | D:1      | Reached * piety under Kikubaaqudgha
   148 | D:1      | Received a gift from Kikubaaqudgha
   482 | D:1      | Found Jeclak's Jewellery Emporium.
   491 | D:1      | Gained mutation: You have an unusually large brain. (Int
                  | +2) [demonic ancestry]
   491 | D:1      | Reached XP level 2. HP: 20/20 MP: 3/5
  1375 | D:2      | Reached skill level 1 in Fighting
  1375 | D:2      | Reached skill level 5 in Necromancy
  1375 | D:2      | Gained mutation: You sometimes gain a little power by
                  | taking damage. [demonic ancestry]
  1375 | D:2      | Reached XP level 3. HP: 26/26 MP: 2/6
  1479 | D:2      | Learned a level 3 spell: Vampiric Draining
  1482 | D:2      | Learned a level 2 spell: Cigotuvi's Dreadful Rot
  1523 | D:2      | Noticed Robin
  1535 | D:2      | Reached ** piety under Kikubaaqudgha
  1547 | D:2      | Killed Robin
  2069 | D:3      | Gained mutation: You have a pair of small antennae on your
                  | head. [demonic ancestry]
  2069 | D:3      | Reached XP level 4. HP: 32/32 MP: 4/7
  2516 | D:3      | Noticed Jessica
  2517 | D:3      | Killed Jessica
  2651 | D:3      | Noticed Ijyb
  2656 | D:3      | Gained mutation: You have a pair of antennae on your head.
                  | [demonic ancestry]
  2656 | D:3      | Reached XP level 5. HP: 14/38 MP: 1/9
  2973 | D:4      | Reached skill level 6 in Necromancy
  3176 | D:3      | Learned a level 4 spell: Animate Dead
  3380 | D:3      | Killed Ijyb
  3741 | D:4      | Noticed an ice beast
  3751 | D:4      | Killed an ice beast
  3752 | D:4      | Gained mutation: Spells you cast may paralyse adjacent
                  | enemies. [demonic ancestry]
  3752 | D:4      | Reached XP level 6. HP: 33/46 MP: 3/11
  4090 | D:4      | Reached *** piety under Kikubaaqudgha
  4090 | D:4      | Received a gift from Kikubaaqudgha
  4129 | D:4      | Noticed Edmund
  4150 | D:4      | Killed Edmund
  4151 | D:4      | Reached skill level 7 in Necromancy
  4345 | D:4      | Gained mutation: Spells you cast may paralyse nearby
                  | enemies. [demonic ancestry]
  4345 | D:4      | Reached XP level 7. HP: 22/52 MP: 12/12
  4739 | D:5      | Entered Level 5 of the Dungeon
  4805 | D:5      | Found a shimmering blue altar of Sif Muna.
  4806 | D:5      | Found a hazy altar of Hepliaklqana.
  4817 | D:5      | Found a stormy altar of Qazlal.
  4872 | D:5      | Reached skill level 1 in Short Blades
  4876 | D:5      | Found Linwikog's Distillery.
  4884 | D:5      | Bought a potion of curing for 36 gold pieces
  4884 | D:5      | Bought a potion of might for 48 gold pieces
  4893 | D:5      | Found a glowing drain.
  4903 | Sewer    | Entered a sewer
  5658 | D:5      | Reached XP level 8. HP: 55/60 MP: 3/14
  5948 | D:6      | Learned a level 4 spell: Dispel Undead
  6192 | D:6      | Noticed Maggie
  6204 | D:6      | Killed Maggie
  6341 | D:6      | Reached skill level 8 in Necromancy
  6395 | D:6      | Reached **** piety under Kikubaaqudgha
  6547 | D:6      | Found a runed translucent door.
  6548 | D:6      | Noticed Crazy Yiuf
  6555 | D:6      | Killed Crazy Yiuf
  6619 | D:6      | Identified the +7 hammer "Bingo" {flame, Int+5 Stlth+}
  6736 | D:7      | Reached skill level 5 in Stealth
  6919 | D:7      | You are sucked into a shaft and drop 3 floors!
  6919 | D:10     | Entered Level 10 of the Dungeon
  6951 | D:10     | Reached skill level 5 in Spellcasting
  6951 | D:10     | Gained mutation: You have an extremely huge brain. (Int +4)
                  | [demonic ancestry]
  6951 | D:10     | Reached XP level 9. HP: 46/67 MP: 9/16
  6956 | D:10     | Reached skill level 5 in Fighting
  6973 | D:10     | Reached skill level 5 in Short Blades
  7109 | D:10     | Found Qecelod's Hallowed Reliquary.
  7113 | D:10     | Noticed an angel
  7319 | D:10     | Found a flagged portal.
  7321 | D:10     | Found Rogga's Armour Boutique.
  7329 | D:10     | Bought a +1 pair of boots for 195 gold pieces
  7386 | Bailey   | Entered a bailey
  7461 | Bailey   | Noticed an orc warlord
  7480 | Bailey   | Learned a level 5 spell: Borgnjor's Vile Clutch
  7529 | Bailey   | Found a runed translucent gate.
  7531 | Bailey   | Found a runed translucent gate.
  7532 | Bailey   | Found a runed translucent gate.
  7641 | Bailey   | Reached ***** piety under Kikubaaqudgha
  7863 | Bailey   | Killed an orc warlord
  7864 | Bailey   | Reached skill level 9 in Necromancy
  7864 | Bailey   | Reached XP level 10. HP: 58/76 MP: 6/18
  8009 | Bailey   | Gained mutation: You have a pair of large antennae on your
                  | head. (SInv) [demonic ancestry]
  8009 | Bailey   | Reached XP level 11. HP: 81/81 MP: 18/23
  8312 | D:10     | Learned a level 2 spell: Sublimation of Blood
  8597 | D:10     | Learned a level 2 spell: Blink
  9158 | D:11     | Reached skill level 10 in Short Blades
  9349 | D:11     | Identified the +3 leather armour "Nodin" {rElec rC- Int+8}
  9746 | D:12     | Noticed an obsidian statue
  9819 | D:12     | Noticed a two-headed ogre
  9822 | D:12     | Killed a two-headed ogre
  9935 | D:12     | Noticed a deep elf pyromancer
  9943 | D:12     | Killed a deep elf pyromancer
  9965 | D:12     | Found a frozen archway.
 10058 | IceCv    | Entered an ice cave
 11766 | IceCv    | Noticed a bog body
 11766 | IceCv    | Noticed a bog body
 11777 | IceCv    | Killed a bog body
 11828 | IceCv    | Killed a bog body
 11829 | IceCv    | Reached skill level 10 in Necromancy
 11829 | IceCv    | Reached XP level 12. HP: 91/91 MP: 16/24
 12463 | D:12     | Noticed Josephine
 12533 | D:12     | Killed Josephine
 13170 | D:12     | Noticed a rakshasa
 13616 | D:9      | Paralysed by a hornet for 1 turns
 13935 | D:9      | Found a staircase to the Orcish Mines.
 13946 | D:9      | Reached skill level 10 in Stealth
 13953 | D:9      | Noticed a two-headed ogre
 13954 | D:9      | Found a staircase to the Lair.
 13957 | D:9      | Reached ****** piety under Kikubaaqudgha
 13961 | D:9      | Killed a two-headed ogre
 13963 | D:9      | Identified a +5 dagger of pain (a +3 dagger of venom
                  | bloodied by Kikubaaqudgha)
 13963 | D:9      | Received a gift from Kikubaaqudgha
 14895 | D:8      | Noticed a centaur warrior
 14944 | D:8      | Killed a centaur warrior
 15650 | D:7      | Noticed a two-headed ogre
 15662 | D:7      | Killed a two-headed ogre
 15663 | D:7      | Reached skill level 11 in Necromancy
 15843 | D:7      | Learned a level 6 spell: Death Channel
 15848 | D:7      | Identified the +1 long sword of Impermanence {heavy, rCorr}
 15880 | D:7      | Found a staircase to the Ecumenical Temple.
 16266 | D:10     | Bought a +2 buckler of positive energy for 259 gold pieces
 16266 | D:10     | Bought a potion of heal wounds for 70 gold pieces
 16266 | D:10     | Bought 2 potions of curing for 84 gold pieces
 16334 | Lair:1   | Entered Level 1 of the Lair of Beasts
 16588 | Lair:1   | Gained mutation: Your magical and physical power is
                  | slightly enhanced at high health. [demonic ancestry]
 16588 | Lair:1   | Reached XP level 13. HP: 86/99 MP: 20/26
 16595 | Lair:1   | Reached skill level 1 in Shields
 17671 | Lair:2   | Reached skill level 1 in Earth Magic
 18044 | Lair:2   | Reached skill level 5 in Dodging
 18152 | Lair:2   | Found a staircase to the Snake Pit.
 18644 | Lair:3   | Reached skill level 12 in Necromancy
 18679 | Lair:3   | Reached skill level 1 in Translocations
 18703 | Lair:3   | Reached skill level 10 in Spellcasting
 19050 | Lair:3   | Learned a level 4 spell: Anguish
 19861 | Lair:4   | Gained mutation: You sometimes gain power by taking damage.
                  | [demonic ancestry]
 19861 | Lair:4   | Reached XP level 14. HP: 89/108 MP: 21/28
 20486 | Lair:5   | Entered Level 5 of the Lair of Beasts
 20541 | Lair:5   | Reached skill level 13 in Necromancy
 21012 | Lair:5   | Identified the +4 ring mail "Unedad" {rF+ Dex+3}
 21397 | Lair:5   | Found a staircase to the Slime Pits.
 21463 | Lair:5   | Reached skill level 10 in Fighting
 21633 | Lair:5   | Reached skill level 14 in Necromancy
 22069 | Orc:1    | Entered Level 1 of the Orcish Mines
 22069 | Orc:1    | Found Luidunt's CLEARANCE SALE!.
 22076 | Orc:1    | Bought a potion of magic for 32 gold pieces
 22076 | Orc:1    | Bought 2 potions of brilliance for 32 gold pieces
 22121 | Orc:1    | Found Hirphi's Magic Scroll Shoppe.
 22243 | Orc:2    | Entered Level 2 of the Orcish Mines
 22243 | Orc:2    | Found a staircase to the Elven Halls.
 22349 | Orc:2    | Found Plog's Antique Weapon Shoppe.
 22349 | Orc:2    | Found Soax's Weapon Shop.
 22350 | Orc:2    | Found Veddecil's Antique Armour Shop.
 22350 | Orc:2    | Found Donanioh's Antique Weapon Emporium.
 22370 | Orc:2    | Gained mutation: Spells you cast and wands you use may
                  | paralyse nearby enemies. [demonic ancestry]
 22370 | Orc:2    | Reached XP level 15. HP: 83/116 MP: 26/29
 22517 | Orc:2    | Found Heloedar's Jewellery Shoppe.
 22860 | Orc:2    | Bought the ring of the Amoeba {rPois rC+ Str+3} for 483
                  | gold pieces
 22895 | Orc:2    | Bought a pair of ichor-stained gloves for 304 gold pieces
 22895 | Orc:2    | Identified the +0 pair of gloves of Xytauhur {rC+ SInv
                  | Stlth+} (You bought it in a shop on level 2 of the Orcish
                  | Mines)
 23400 | D:12     | Reached skill level 15 in Necromancy
 23594 | D:13     | Found a gate to the Vaults.
 25098 | D:14     | Identified the +1 chain mail "Pieqac" {rN++ Dex+3 SInv}
 25309 | D:15     | Entered Level 15 of the Dungeon
 25763 | D:15     | Reached XP level 16. HP: 125/125 MP: 24/31
 26193 | D:15     | Found a staircase to the Depths.
 26202 | D:15     | Reached skill level 16 in Necromancy
 26567 | Snake:1  | Entered Level 1 of the Snake Pit
 26574 | Snake:1  | Reached skill level 5 in Shields
 28436 | Snake:3  | Found Optituf's Jewellery Shop.
 28436 | Snake:3  | Found Yzxifazi's Book Shoppe.
 28437 | Snake:3  | Found Ipaer's Jewellery Shop.
 28558 | Snake:3  | Noticed Vashnia
 28565 | Snake:3  | Reached skill level 17 in Necromancy
 28567 | Snake:3  | Killed Vashnia
 28879 | Snake:4  | Entered Level 4 of the Snake Pit
 29043 | Snake:4  | Reached XP level 17. HP: 84/133 MP: 8/33
 29203 | Snake:4  | Shot with an arrow by a naga sharpshooter

Illustrated notes

Levels and vault maps discovered:
D:1:      eino_arrival_cavern_b, layout_loops_corners,
          hellmonk_ecumenical_altar_pennies_from_heaven, serial_shops,
          nicolae_shop_gaudy_bauble, minmay_hedge_maze
D:2:      layout_basic, minmay_surrounded, uniq_robin
D:3:      kennysheep_the_goblin_king, layout_basic, kennysheep_potato,
          uniq_jessica
D:4:      layout_cave_pods, uniq_edmund
D:5:      layout_cave_pools, grunt_qazlal_sundering,
          nicolae_overflow_two_pavilions, serial_shops,
          nicolae_shop_tiny_waterfront, portal_sewer_entry_d
D:6:      layout_cave_pools, uniq_crazy_yiuf_cottage, uniq_maggie
D:7:      layout_basic, minmay_temple_entry_junction_2, st_stairs_3
D:8:      nzn_winding_woodlands_medium [nzn_winding_woodlands_5x5_checkerboard,
          nzn_winding_woodlands_5x15_default, nzn_winding_woodlands_5x5_three,
          nzn_winding_woodlands_5x5_perimeter,
          nzn_winding_woodlands_center_garden,
          nzn_winding_woodlands_5x5_default, nzn_winding_woodlands_hourglass,
          nzn_winding_woodlands_5x15_split_checker,
          nzn_winding_woodlands_5x5_default], layout_basic
D:9:      layout_small_grid, lair_entry_dummy, orc_0_dummy,
          amcnicky_mini_pool_small
D:10:     layout_basic, serial_shops, shop, enter_bailey_2,
          hangedman_abyss_or_decor_stabs, nicolae_good_shop
D:11:     layout_irregular_city
D:12:     layout_irregular_city, portal_ice_cave_rime,
          hangedman_devilish_allure, uniq_josephine
D:13:     layout_stronghold, lightli_vaults_fourway_checkpoint, wad_mini_maze
D:14:     layout_gridville, grunt_decor_junction
D:15:     grunt_enter_depths_snipers, layout_loops_ring,
          nicolae_figureground_pulse
Lair:1:   layout_layer_cave
Lair:2:   layout_gridlike, nicolae_shoals_entry_flooding,
          minmay_snake_entry_guardpost_medium, cheibrodos_lair_lostbears
Lair:3:   dreamdust_isle_of_ice, layout_regular_city
Lair:4:   layout_cave_pods
Lair:5:   due_jungle_book, layout_regular_city, slime_entry_1
Snake:1:  layout_rooms, grunt_megastairs_4
Snake:2:  layout_layer_cave
Snake:3:  layout_cave_shapes, minmay_shop_grove, grunt_megastairs_5,
          uniq_vashnia
Snake:4:  grunt_snake_rune_pools, layout_cave_town, minmay_shoptagon
Orc:1:    layout_caves, serial_shops, shop, nicolae_shop_clearance
Orc:2:    st_orc_ogre_mass, layout_caves, serial_shops, shop,
          nicolae_orc_damp_corner

Skill      XL: |  1  2  3  4  5  6  7  8  9 10 11 12 13 14 15 16 |
---------------+-------------------------------------------------+-----
Fighting       | 1 2 3 4 6 7 8 9 10 11 12 | 12.4
Necromancy     | 5 6 7 8 9 10 11 12 14 15 17 | 17.6
Spellcasting   | 3 4 5 8 9 10 11 12 | 12.5
Stealth        | 3 5 7 9 10 11 12 13 | 13.8
Short Blades   | 2 4 6 9 10 | 10.0
Dodging        | 2 4 5 7 8 9 |  9.7
Shields        | 2 4 5 |  5.0
Earth Magic    | 3 |  3.0
Translocations | 3 |  3.0

Action                     |  1- 3 |  4- 6 |  7- 9 | 10-12 | 13-15 | 16-18 || total
---------------------------+-------+-------+-------+-------+-------+-------++-------
  Melee: Unarmed           |     2 |       |       |       |       |       ||     2
         Spear             |    85 |    60 |       |       |       |       ||   145
         Punch             |     2 |     2 |     2 |     5 |       |       ||    11
         Whip              |       |    27 |       |       |       |       ||    27
         Dagger            |       |    38 |   108 |   314 |   612 |   147 ||  1219
         Short sword       |       |       |    43 |   253 |       |       ||   296
         Mace              |       |       |    92 |    40 |       |       ||   132
  Throw: Dart              |       |     4 |    12 |       |     3 |     2 ||    21
   Cast: Necrotise         |    48 |    50 |    10 |       |       |       ||   108
         Vampiric Draining |     2 |    12 |    38 |    58 |    45 |    44 ||   199
         Animate Dead      |       |     2 |     6 |     9 |    13 |     5 ||    35
         Dispel Undead     |       |       |     4 |    43 |    14 |       ||    61
         Borgnjor's Vile C |       |       |     2 |     6 |    22 |    15 ||    45
         Cigotuvi's Dreadf |       |       |     1 |     1 |       |       ||     2
         Sublimation of Bl |       |       |       |     1 |     5 |     8 ||    14
         Blink             |       |       |       |     1 |     2 |       ||     3
         Death Channel     |       |       |       |       |    17 |    10 ||    27
         Anguish           |       |       |       |       |    10 |     7 ||    17
 Invoke: Brand Weapon With |       |       |       |     1 |       |       ||     1
         Unearth Wretches  |       |       |       |       |     6 |     6 ||    12
  Evoke: Wand              |       |       |     6 |     6 |     1 |       ||    13
         Lightning rod     |       |       |       |       |     1 |       ||     1
    Use: Scroll            |       |       |     5 |     9 |    18 |     1 ||    33
         Potion            |       |       |       |     3 |     6 |     3 ||    12
   Stab: Sleeping          |     2 |       |    10 |    14 |    34 |     8 ||    68
         Paralysed         |       |     5 |    45 |    70 |    80 |    37 ||   237
         Distracted        |       |     1 |     1 |     1 |     7 |     3 ||    13
 Armour: Robe              |    50 |    80 |   182 |   406 |    57 |     4 ||   779
         Leather armour    |       |       |       |    11 |   301 |   130 ||   442
  Dodge: Dodged            |    56 |    65 |   125 |   332 |   265 |   108 ||   951
  Block: Buckler           |       |       |       |     1 |    50 |    59 ||   110

Table legend: (Time is in decaauts)
 A = Elapsed time spent in this place.
 B = Non-inter-level travel time spent in this place.
 C = Inter-level travel time spent in this place.
 D = Time resting spent in this place.
 E = Time spent auto-exploring this place.
 F = Levels seen in this place.
 G = Mean time per level.
                   A        B        C        D        E       F      G
               +--------+--------+--------+--------+--------+-----+--------+
         Total |  28663 |  27044 |   1619 |   2743 |  18594 |  29 |  988.4 |
       Dungeon |  15854 |  14845 |   1009 |    870 |  11195 |  15 | 1056.9 |
          Lair |   5607 |   5318 |    289 |     48 |   4096 |   5 | 1121.4 |
     Snake Pit |   2581 |   2434 |    147 |    147 |   1709 |   4 |  645.2 |
  Orcish Mines |   1181 |   1008 |    173 |      0 |    816 |   2 |  590.5 |
         Sewer |    466 |    466 |      0 |     51 |    249 |   1 |  466.0 |
        Bailey |    645 |    645 |      0 |     50 |    297 |   1 |  645.0 |
      Ice Cave |   2327 |   2327 |      0 |   1577 |    231 |   1 | 2327.0 |
               +--------+--------+--------+--------+--------+-----+--------+

Top non-repeatable levels by time:
   IceCv: 2327 daAuts
     D:4: 1610 daAuts
    D:10: 1498 daAuts
  Lair:5: 1423 daAuts
  Lair:1: 1414 daAuts
    D:12: 1319 daAuts
     D:3: 1271 daAuts
     D:9: 1198 daAuts
 Snake:2: 1094 daAuts
     D:1: 1075 daAuts
    D:15: 1058 daAuts
    D:13: 1050 daAuts
    D:11: 1014 daAuts
  Lair:4: 1001 daAuts
     D:8: 987 daAuts
